 Dungeon Crawl Stone Soup version 0.26.0-10-g1f06aea511 (webtiles) character file.

Game seed: 16926504382222143991

229 vatarom the Vexing (level 6, -3/47 HPs)
             Began as a Gnoll Arcane Marksman on Jan 21, 2021.
             Slain by an orc priest
             ... wielding a +0 hand axe
              (7 damage)
             ... on level 3 of the Dungeon.
             The game lasted 00:05:13 (3420 turns).

vatarom the Vexing (Gnoll Arcane Marksman)          Turns: 3420, Time: 00:05:14

Health: -3/47      AC:  6    Str: 14      XL:     6   Next: 3%
Magic:  10/10      EV: 13    Int: 15      God:
Gold:   154        SH:  0    Dex: 14 (16) Spells: 10/11 levels left

rFire    . . .     SeeInvis .   q - +0 war axe
rCold    . . .     Faith    .   (no shield)
rNeg     . . .     Spirit   .   y - +0 ring mail
rPois    .         Reflect  .   (no helmet)
rElec    .         Harm     .   (no cloak)
rCorr    .         Rampage  .   h - +0 pair of gloves
Will     .....                  (no boots)
Stlth    +.........             x - amulet of magic regeneration
HPRegen  0.15/turn              (no ring)
MPRegen  0.37/turn              (no ring)

@: no status effects
A: distributed training, fangs 1, strong nose
a: no special abilities


You were on level 3 of the Dungeon.
You visited 1 branch of the dungeon, and saw 3 of its levels.

You collected 154 gold pieces.

Inventory:

Hand Weapons
 a - a +0 shortbow
 i - a +0 falchion
 q - a +0 war axe (weapon)
 w - a +2 dagger of venom
Missiles
 b - 32 poisoned darts (quivered)
 d - 35 arrows
 l - 8 curare-tipped darts
Armour
 e - a +0 robe
 h - a +0 pair of gloves (worn)
 y - a +0 ring mail (worn)
Jewellery
 x - an amulet of magic regeneration (around neck)
Scrolls
 c - a scroll of blinking {unknown}
 f - 3 scrolls of identify {unknown}
 k - 2 scrolls of teleportation {unknown}
 m - a scroll of immolation {unknown}
 n - a scroll of enchant weapon {unknown}
 p - 3 scrolls of remove curse {unknown}
 u - 2 scrolls of fog {unknown}
Potions
 g - a potion of lignification
 j - a potion of degeneration
 o - a potion of attraction {unknown}
 r - a potion of haste {unknown}
 s - a potion of brilliance {unknown}
 t - a potion of invisibility {unknown}
 v - 2 potions of curing {@q1}


   Skills:
 + Level 3.1 Fighting
 + Level 1.7 Short Blades
 + Level 1.7 Long Blades
 + Level 1.7 Axes
 + Level 1.7 Maces & Flails
 + Level 1.7 Polearms
 + Level 1.7 Staves
 + Level 1.7 Slings
 + Level 4.9 Bows
 + Level 1.7 Crossbows
 + Level 1.7 Throwing
 + Level 1.7 Armour
 + Level 4.9 Dodging
 + Level 1.7 Stealth
 + Level 1.7 Shields
 + Level 1.7 Unarmed Combat
 + Level 3.3 Spellcasting
 + Level 1.3 Conjurations
 + Level 5.6 Hexes
 + Level 1.3 Summonings
 + Level 1.3 Necromancy
 + Level 1.3 Translocations
 + Level 1.3 Transmutations
 + Level 1.3 Fire Magic
 + Level 1.3 Ice Magic
 + Level 1.3 Air Magic
 + Level 1.3 Earth Magic
 + Level 1.3 Poison Magic
 + Level 2.0 Invocations
 + Level 1.7 Evocations


You had 10 spell levels left.
You knew the following spells:

 Your Spells              Type           Power        Failure   Level
a - Corona                Hex            21%          3%          1

Your spell library contained the following spells:

 Spells                   Type           Power        Failure   Level
 Slow                     Hex            19%          6%          2
 Inner Flame              Hex/Fire       13%          26%         3
 Portal Projectile        Hex/Tloc       26%          26%         3
 Cause Fear               Hex            9%           36%         4
 Leda's Liquefaction      Hex/Erth       6%           65%         4


Dungeon Overview and Level Annotations

Branches:
Dungeon (3/15)

Altars:
Ru
Trog


Innate Abilities, Weirdness & Mutations

Your experience applies equally to all skills.
You have very sharp teeth.
Your uncanny sense of smell can sniff out nearby items.


Message History

You hit the orc priest.
The orc priest is moderately wounded.
The orc priest closely misses you.
The orc priest invokes the aid of Beogh against you.
Beogh smites you!
* * * LOW HITPOINT WARNING * * *
You closely miss the orc priest.
The orc priest is moderately wounded.
The orc priest barely misses you.
Unknown command.
You barely miss the orc priest.
The orc priest is moderately wounded.
The orc priest misses you.
You slash the orc priest!
The orc priest is almost dead.
The orc priest invokes the aid of Beogh against you.
Beogh smites you!
* * * LOW HITPOINT WARNING * * *
The orc priest hits you with a +0 hand axe!
You die...

#.# #.###.#. #.#
#.# #...
#####.#####.# #.#.
#...........###...
#.###.............
#.# ###########..#
#.# #..# #.#
#######..# #@#
#.......). #o#
#.#####..# .o# #.#
#... #.## #.# ##.#
#. #.# #.# #.
#.######.# #.
#....)...# #.
#######..# #..#


You could see an orc priest and an orc.

Vanquished Creatures
  An orc wizard (D:3)
  An iguana (D:2)
  A hound zombie (D:2)
  2 hound skeletons (D:2)
  3 adders
  A gnoll (D:2)
  An adder zombie (D:2)
  An adder skeleton (D:2)
  3 worms (D:2)
  2 dart slugs (D:1)
  2 leopard geckos (D:3)
  6 orcs (D:3)
  A ball python (D:2)
  3 giant cockroaches
  7 goblins
  13 hobgoblins
  4 jackals
  A ball python skeleton (D:2)
  5 bats
  6 frilled lizards
  5 kobolds
  A quokka zombie (D:2)
  7 rats
77 creatures vanquished.

Vanquished Creatures (others)
  2 withered plants (D:2)
2 creatures vanquished.

Grand Total: 79 creatures vanquished

Notes
Turn   | Place    | Note
-------+----------+-------------------------------------------
     0 | D:1      | vatarom the Gnoll Arcane Marksman began the quest for the
                  | Orb.
     0 | D:1      | Reached XP level 1. HP: 17/17 MP: 4/4
   162 | D:1      | Reached XP level 2. HP: 20/23 MP: 5/5
   577 | D:1      | Reached XP level 3. HP: 28/28 MP: 7/7
   939 | D:2      | Reached skill level 1 in Invocations
  1272 | D:2      | Reached skill level 1 in Short Blades
  1272 | D:2      | Reached skill level 1 in Long Blades
  1272 | D:2      | Reached skill level 1 in Axes
  1272 | D:2      | Reached skill level 1 in Maces & Flails
  1272 | D:2      | Reached skill level 1 in Polearms
  1272 | D:2      | Reached skill level 1 in Staves
  1272 | D:2      | Reached skill level 1 in Slings
  1272 | D:2      | Reached skill level 1 in Crossbows
  1272 | D:2      | Reached skill level 1 in Throwing
  1272 | D:2      | Reached skill level 1 in Armour
  1272 | D:2      | Reached skill level 1 in Stealth
  1272 | D:2      | Reached skill level 1 in Shields
  1272 | D:2      | Reached skill level 1 in Unarmed Combat
  1272 | D:2      | Reached skill level 1 in Evocations
  1289 | D:2      | Reached XP level 4. HP: 34/34 MP: 8/8
  1559 | D:2      | Reached skill level 1 in Conjurations
  1559 | D:2      | Reached skill level 1 in Summonings
  1559 | D:2      | Reached skill level 1 in Necromancy
  1559 | D:2      | Reached skill level 1 in Translocations
  1559 | D:2      | Reached skill level 1 in Transmutations
  1559 | D:2      | Reached skill level 1 in Fire Magic
  1559 | D:2      | Reached skill level 1 in Ice Magic
  1559 | D:2      | Reached skill level 1 in Air Magic
  1559 | D:2      | Reached skill level 1 in Earth Magic
  1559 | D:2      | Reached skill level 1 in Poison Magic
  1945 | D:2      | HP: 1/51 [iguana (2)]
  1961 | D:2      | Reached XP level 5. HP: 17/40 MP: 9/9
  2688 | D:2      | Found a sacrificial altar of Ru.
  3124 | D:3      | Found a bloodstained altar of Trog.
  3282 | D:3      | Reached XP level 6. HP: 43/47 MP: 10/10
  3420 | D:3      | Slain by an orc priest

Illustrated notes

Levels and vault maps discovered:
D:1:      dpeg_arrival_tiny_k, layout_loops_ring, minmay_tree_intersection
D:2:      minmay_chambers_of_ones, layout_basic, nicolae_overflow_hidden_temple,
          serial_undead, serial_undead_f, serial_undead_a, serial_undead_f,
          serial_undead_e, serial_undead_d, serial_undead_f
D:3:      layout_loops_ring, trog_butcher_becter

Skill      XL: |  1  2  3  4  5  6 |
---------------+-------------------+-----
Invocations    | 1 2 |  2.0
Short Blades   | 1 |  1.7
Long Blades    | 1 |  1.7
Axes           | 1 |  1.7
Maces & Flails | 1 |  1.7
Polearms       | 1 |  1.7
Staves         | 1 |  1.7
Slings         | 1 |  1.7
Crossbows      | 1 |  1.7
Throwing       | 1 |  1.7
Armour         | 1 |  1.7
Stealth        | 1 |  1.7
Shields        | 1 |  1.7
Unarmed Combat | 1 |  1.7
Evocations     | 1 |  1.7
Spellcasting   | 3 |  3.3
Conjurations   | 1 |  1.3
Summonings     | 1 |  1.3
Necromancy     | 1 |  1.3
Translocations | 1 |  1.3
Transmutations | 1 |  1.3
Fire Magic     | 1 |  1.3
Ice Magic      | 1 |  1.3
Air Magic      | 1 |  1.3
Earth Magic    | 1 |  1.3
Poison Magic   | 1 |  1.3
Fighting       | 3 |  3.1
Bows           | |  4.9
Dodging        | |  4.9
Hexes          | |  5.6

Action                   |  1- 3 |  4- 6 || total
-------------------------+-------+-------++-------
Melee: Unarmed           |    11 |    56 ||    67
       Bite              |     1 |    14 ||    15
       Falchion          |       |    58 ||    58
       War axe           |       |    65 ||    65
 Fire: Shortbow          |    81 |    30 ||   111
Throw: Dart              |     5 |       ||     5
  Use: Potion            |       |     6 ||     6
 Stab: Sleeping          |       |     1 ||     1
Armor: Robe              |    12 |    24 ||    36
       Skin              |       |    15 ||    15
Dodge: Dodged            |    32 |   160 ||   192
       Rpst.: Falchion   |       |    12 ||    12
